 Dungeon Crawl Stone Soup version 0.26.0-45-g9c1d065592 (webtiles) character file.

Game seed: 13441474860669498448

4212 trckry the Vandal (level 10, -2/81 HPs)
             Began as a Ghoul Hunter on Jan 29, 2021.
             Was a Follower of Okawaru.
             Slain by a troll (11 damage)
             ... on level 8 of the Dungeon.
             The game lasted 00:26:22 (11019 turns).

trckry the Vandal (Ghoul Hunter)                   Turns: 11019, Time: 00:26:22

Health: -2/81      AC: 16    Str: 20    XL:     10   Next: 29%
Magic:  12/12      EV: 22    Int:  6    God:    Okawaru [*.....]
Gold:   324        SH:  9    Dex:  9    Spells: 9/9 levels left

rFire    . . .     SeeInvis +   b - +1 morningstar (flame)
rCold    + . .     Faith    .   r - +0 kite shield
rNeg     + + +     Spirit   .   y - +4 chain mail
rPois    ∞         Reflect  .   j - +2 hat
rElec    .         Harm     .   t - +0 cloak
rCorr    .         Rampage  .   (no gloves)
Will     .....                  (no boots)
Stlth    ..........             o - amulet of the acrobat
HPRegen  0.00/turn              z - ring of flight
MPRegen  0.13/turn              s - ring of see invisible

@: acrobat
A: claws 1, cold resistance 1, negative energy resistance 3, inhibited
regeneration, torment resistance, unbreathing
a: Renounce Religion, Evoke Flight, Heroism


You were on level 8 of the Dungeon.
You worshipped Okawaru.
Okawaru was aware of your devotion.
You visited 2 branches of the dungeon, and saw 9 of its levels.
You also visited: Sewer.

You collected 459 gold pieces.
You spent 135 gold pieces at shops.

Inventory:

Hand Weapons
 a - a +2 hunting sling
 b - a +1 morningstar of flaming (weapon)
 c - a +0 spear of venom
Missiles
 d - 50 sling bullets
 g - 357 stones
 v - 32 poisoned darts (quivered)
 D - 2 throwing nets
Armour
 j - a +2 hat (worn)
 r - a +0 kite shield (worn)
 t - a +0 cloak (worn)
 y - a +4 chain mail (worn)
Jewellery
 n - an uncursed ring of fire
 o - an amulet of the acrobat (around neck)
 s - a ring of see invisible (right claw)
 z - a ring of flight (left claw)
Wands
 l - a wand of flame (23)
 u - a wand of paralysis (11)
 C - a wand of disintegration (13)
 E - a wand of enslavement (3)
 I - a wand of digging (3)
Scrolls
 e - 10 scrolls of identify
 f - 5 scrolls of remove curse
 i - 4 scrolls of magic mapping
 p - 2 scrolls of blinking
 w - 5 scrolls of teleportation
 x - a scroll of enchant weapon
 A - 5 scrolls of fear
 B - 6 scrolls of fog
Potions
 h - 4 potions of curing
 k - 2 potions of attraction
 m - a potion of mutation {unknown}
 F - a potion of might


   Skills:
 + Level 5.4 Fighting
 * Level 5.8 Maces & Flails
 * Level 7.0 Slings
 + Level 3.9 Armour
 + Level 4.4 Dodging
 - Level 1.1 Stealth
 + Level 4.0 Shields
 + Level 4.9 Invocations
 + Level 4.0 Evocations


You had 9 spell levels left.
You didn't know any spells.
Your spell library was empty.

Dungeon Overview and Level Annotations

Branches:
Dungeon (8/15)             Temple (1/1) D:7           Sewer (visited)
   Lair: D:8-11

Altars:
Ashenzari
Cheibriados
Dithmenos
Elyvilon
Fedhas
Gozag
Hepliaklqana
Kikubaaqudgha
Makhleb
Nemelex Xobeh
Okawaru
Qazlal
Ru
Sif Muna
Trog
Uskayaw
Vehumet
Wu Jian
Xom
Yredelemnul
Zin
The Shining One

Shops:
D:4 ?

Annotations:
D:4 2 transporters, Tocho's ghost, amateur DECj
D:8 5 runed translucent doors


Innate Abilities, Weirdness & Mutations

You thrive by killing the living.
You are immune to poison.
You have sharp fingernails.
Your flesh is cold resistant. (rC+)
You are immune to negative energy. (rN+++)
You do not regenerate when monsters are visible.
You are immune to unholy pain and torment.
You can survive without breathing.


Message History

Aiming: Enslavement
Press: ? - help, Shift-Dir - straight line, f - two-headed ogre
Aim: a two-headed ogre, wielding a +0 giant club and a +2 dire flail of protection (chance to affect: 40%)
The two-headed ogre resists with some effort.
The two-headed ogre hits you with a +0 giant club!!
* * * LOW HITPOINT WARNING * * *
You block the two-headed ogre's attack. You block the gnoll's attack.
Blink to where?
Press: ? - help, Dir - move target, p - two-headed ogre
As you read the scroll of blinking, it crumbles to dust.
Found 11 poisoned darts.
v - 32 poisoned darts (gained 11)
There are no items here.
You block the adder's attack. The adder completely misses you.
The adder closely misses you. The adder closely misses you.
The adder bites you but does no damage. The adder bites you but does no damage.
The troll bites you!
You die...

S..#}#..BB#.# S..#?#...B#.#
S.#####.BB#.# +##.yy##+##(#
#.....yy##..######## ##
##..)yy##..##....... ..#
.##..y##..[...# #.#
..#...#...###.###### #.#
..##.##...###...@Sy####.#
#..#+#.†..##...##T..?...#
##.#)#.#.....#..#..####.#########
#.###†#..##....#Oy# #......O...
#.)#..#..###.#.#..####.#########
##.#.##..# #.#....g..O..# #
#.#.##..# #.###.[####..# #####
#...##..# #...........<# #....
#............##..#####†# #.###


You could see a two-headed ogre, a troll, 2 killer bees, a gnoll and an adder.

Vanquished Creatures
  Joseph (D:7)
  Maggie (D:7)
  A hornet (D:5)
  Prince Ribbit (D:7)
  Eustachio (D:6)
  Duvessa (D:4)
  A water moccasin (D:7)
  4 bullfrogs
  An orc warrior (D:7)
  A phantom (D:3)
  A sky beast (D:7)
  A wolf (D:8)
  3 centaurs
  3 gnoll sergeants
  Dowan (D:4)
  A scorpion (D:6)
  6 killer bees
  A centaur zombie (D:5)
  7 hounds
  2 orc priests
  5 orc wizards
  2 centaur skeletons
  A bullfrog skeleton (D:4)
  3 iguanas
  4 worker ants
  A hound skeleton (D:4)
  A worker ant zombie (D:8)
  20 gnolls
  13 adders
  5 river rats (Sewer)
  A shadow imp (D:5)
  A white imp (D:6)
  3 oozes
  2 worms
  3 dart slugs
  2 leopard geckos
  24 orcs
  4 bats
  10 giant cockroaches
  8 goblins
  8 hobgoblins
  5 jackals
  11 kobolds
  A quokka (D:2)
  17 ball pythons
  7 frilled lizards
  A leopard gecko skeleton (D:4)
  A quokka skeleton (D:4)
  32 rats
235 creatures vanquished.

Vanquished Creatures (collateral kills)
  2 bullfrogs
  2 ball pythons (Sewer)
4 creatures vanquished.

Vanquished Creatures (others)
  A wyvern (D:8)
1 creature vanquished.

Grand Total: 240 creatures vanquished

Notes
Turn   | Place    | Note
-------+----------+-------------------------------------------
     0 | D:1      | trckry the Ghoul Hunter began the quest for the Orb.
     0 | D:1      | Reached XP level 1. HP: 17/17 MP: 0/0
   541 | D:1      | Reached XP level 2. HP: 24/24 MP: 1/1
  1327 | D:2      | Reached XP level 3. HP: 10/30 MP: 2/2
  1553 | D:2      | Found a blossoming altar of Fedhas.
  1619 | D:2      | Reached skill level 1 in Maces & Flails
  1904 | D:2      | Reached XP level 4. HP: 18/37 MP: 3/3
  1907 | D:2      | Reached skill level 1 in Invocations
  1929 | D:2      | Found a snail-covered altar of Cheibriados.
  2254 | D:3      | Reached skill level 4 in Slings
  2261 | D:3      | Reached skill level 1 in Evocations
  2318 | D:3      | Found a bloodstained altar of Trog.
  2554 | D:3      | Reached XP level 5. HP: 28/42 MP: 5/5
  2774 | D:3      | You fall into a shaft and drop 1 floor!
  2834 | D:3      | Noticed a phantom
  2937 | D:3      | Reached skill level 1 in Shields
  3086 | D:3      | Killed a phantom
  3087 | D:3      | Reached skill level 1 in Armour
  3087 | D:3      | Reached XP level 6. HP: 45/50 MP: 6/6
  3466 | D:4      | HP: 6/50 [iguana (8)]
  3481 | D:4      | HP: 6/50 [iguana (8)]
  3791 | D:4      | Found a transporter.
  3791 | D:4      | Noticed Tocho's ghost (amateur DECj)
  3933 | D:4      | Found a transporter.
  4276 | D:4      | Found Qotua's Magic Scroll Boutique.
  4284 | D:4      | Bought a scroll of remove curse for 30 gold pieces
  4284 | D:4      | Bought a scroll of teleportation for 30 gold pieces
  4284 | D:4      | Bought a scroll of fear for 35 gold pieces
  4284 | D:4      | Bought a scroll of fog for 20 gold pieces
  4284 | D:4      | Bought a scroll of identify for 20 gold pieces
  4296 | D:4      | Found a glowing silver altar of Zin.
  4417 | D:4      | Noticed Dowan
  4418 | D:4      | Noticed Duvessa
  4447 | D:4      | Killed Duvessa
  4448 | D:4      | Reached XP level 7. HP: 35/57 MP: 7/7
  4462 | D:4      | Killed Dowan
  4907 | D:5      | Entered Level 5 of the Dungeon
  5090 | D:5      | Noticed a hornet
  5110 | D:5      | HP: 3/57 [hornet (10)]
  5114 | D:5      | Killed a hornet
  5115 | D:5      | Reached skill level 5 in Slings
  5115 | D:5      | Reached XP level 8. HP: 18/64 MP: 7/9
  6411 | D:6      | Found a glowing drain.
  6456 | Sewer    | Entered a sewer
  7142 | D:6      | Found a sacrificial altar of Ru.
  7368 | D:6      | Reached XP level 9. HP: 67/71 MP: 10/10
  7440 | D:6      | Found a basalt altar of Yredelemnul.
  7448 | D:6      | Found a shimmering blue altar of Sif Muna.
  7450 | D:6      | Found a sparkling altar of Nemelex Xobeh.
  7462 | D:6      | Noticed Eustachio
  7485 | D:6      | Killed Eustachio
  7666 | D:6      | Reached skill level 6 in Slings
  8462 | D:7      | Noticed Prince Ribbit
  8486 | D:7      | Killed Prince Ribbit
  8601 | D:7      | Noticed Maggie
  8650 | D:7      | Killed Maggie
  8651 | D:7      | Reached skill level 5 in Maces & Flails
  9037 | D:7      | Reached skill level 5 in Fighting
  9134 | D:7      | Found a staircase to the Ecumenical Temple.
  9161 | Temple   | Entered the Ecumenical Temple
  9167 | Temple   | Became a worshipper of Warmaster Okawaru
  9332 | D:7      | Noticed Joseph
  9358 | D:7      | Killed Joseph
  9359 | D:7      | Reached XP level 10. HP: 48/81 MP: 12/12
 10689 | D:8      | Found a runed translucent gate.
 10689 | D:8      | Found a runed translucent gate.
 10689 | D:8      | Found a runed translucent door.
 10708 | D:8      | Found the +9 staff of Olgreb {rPois∞}
 10812 | D:8      | Found a runed translucent door.
 10823 | D:8      | Reached skill level 7 in Slings
 10882 | D:8      | Found a runed translucent gate.
 10942 | D:8      | Noticed a two-headed ogre
 10984 | D:8      | Reached * piety under Okawaru
 10988 | D:8      | HP: 6/81 [two-headed ogre/+0 giant club (22)]
 11019 | D:8      | Slain by a troll

Illustrated notes

Levels and vault maps discovered:
D:1:      scummos_arrival_star, layout_basic
D:2:      layout_basic, fedhas_ov_isle_minmay, kennysheep_slug_shrine
D:3:      layout_basic, hangedman_abyss_or_decor_stabs, trog_hazing_becter
D:4:      layout_loops_corners, general_overflow_altar, gammafunk_ghost_arena,
          serial_shops, shop, uniq_duvessa
D:5:      layout_basic
D:6:      layout_loops_corners, grunt_temple_overflow_open,
          cheibrodos_sewer_entry_drain, serial_park_tiny_2,
          nicolae_ru_great_annihilating_truth, uniq_eustachio
D:7:      layout_cave_pods, minmay_temple_entry_grid, uniq_maggie,
          uniq_prince_ribbit1, uniq_joseph
D:8:      layout_loops_ring, erik_lair_island,
          minmay_guarded_unrand_staff_of_olgreb
Temple:   eino_temple_rhombus

Skill      XL: |  1  2  3  4  5  6  7  8  9 10 |
---------------+-------------------------------+-----
Maces & Flails | 1 2 3 4 5 |  5.8
Dodging        | 2 3 4 |  4.4
Invocations    | 1 2 3 4 |  4.9
Slings         | 4 5 6 7 |  7.0
Evocations     | 1 2 3 4 |  4.0
Shields        | 1 2 3 4 |  4.0
Armour         | 1 2 3 |  3.9
Fighting       | 3 4 5 |  5.4
Stealth        | |  1.1

Action                   |  1- 3 |  4- 6 |  7- 9 | 10-12 || total
-------------------------+-------+-------+-------+-------++-------
Melee: Hand axe          |   127 |    54 |       |       ||   181
       Short sword       |    10 |       |       |       ||    10
       Flail             |       |   110 |    34 |       ||   144
       Dagger            |       |    90 |    69 |       ||   159
       Spear             |       |       |    89 |       ||    89
       Morningstar       |       |       |    14 |   130 ||   144
 Fire: Hunting sling     |     1 |    28 |   467 |     7 ||   503
Throw: Dart              |       |       |     8 |       ||     8
       Throwing net      |       |       |     1 |       ||     1
Evoke: Wand              |       |       |     1 |     4 ||     5
  Use: Potion            |       |     1 |    14 |       ||    15
       Scroll            |       |       |     6 |     3 ||     9
Armor: Leather armour    |    32 |       |       |       ||    32
       Chain mail        |    47 |   194 |   258 |    89 ||   588
Dodge: Dodged            |    90 |    88 |   126 |    59 ||   363
Block: Kite shield       |       |    20 |   246 |    86 ||   352
